 Dungeon Crawl Stone Soup version 0.18-b1-16-g289874d (webtiles) character file.

165 Peloso the Covered (level 5, -2/47 HPs)
             Began as a Minotaur Fighter on May 1, 2016.
             Slain by a killer bee (3 damage)
             ... on level 4 of the Dungeon.
             The game lasted 00:34:48 (2301 turns).

Peloso the Covered (Minotaur Fighter)               Turns: 2301, Time: 00:34:51

Health: -2/47      AC:  7    Str: 20    XL:     5   Next: 22%
Magic:  4/4        EV:  8    Int:  8    God:
Gold:   103        SH:  9    Dex: 11    Spells: 0 memorised, 4 levels left

rFire  + . .     SeeInvis .     a - +0 long sword
rCold  x . .     Gourm    .     b - +0 scale mail
rNeg   . . .     Faith    .     c - +0 shield
rPois  .         Spirit   .     (helmet restricted)
rElec  .         Dismiss  .     (no cloak)
rCorr  .         Reflect  .     (no gloves)
SustAt .         Harm     .     (no boots)
MR     .....                    (no amulet)
Stlth  ..........               l - ring of fire
                                k - +3 ring of intelligence (curse)

@: lethally poisoned (-2 -> -13), not resistant to hostile enchantments,
extremely unstealthy
A: retaliatory headbutt, horns 2
a: no special abilities


You were on level 4 of the Dungeon.
You were not hungry.

You visited 1 branch of the dungeon, and saw 4 of its levels.

You collected 103 gold pieces.

Inventory:

Hand Weapons
 a - a +0 long sword (weapon)
Armour
 b - a +0 scale mail (worn)
 c - a +0 shield (worn)
Jewellery
 k - a cursed +3 ring of intelligence (left hand)
 l - a ring of fire (right hand)
 q - an uncursed ring of ice {unknown}
Scrolls
 e - 3 scrolls of remove curse {unknown}
 m - a scroll of magic mapping {unknown}
 o - a scroll of amnesia {unknown}
 p - a scroll of random uselessness {unknown}
 t - a scroll of fog {unknown}
Potions
 d - a potion of might
 g - a potion of heal wounds
 h - a potion of agility {unknown}
 i - a potion of haste {unknown}
 n - a potion of cancellation {unknown}
 s - a potion of curing {unknown}
Comestibles
 f - 2 bread rations
 j - 5 fruits
 r - 2 meat rations
 u - 3 chunks of flesh


   Skills:
 + Level 4.5 Fighting
 + Level 3.4 Long Blades
 + Level 5.0 Armour
 + Level 1.8 Dodging
 + Level 4.4 Shields


You had 4 spell levels left.
You didn't know any spells.

Dungeon Overview and Level Annotations

Branches:
Dungeon (4/15)
 Temple: D:4-7

Altars:
Vehumet


Innate Abilities, Weirdness & Mutations

You reflexively headbutt those who attack you in melee.
You have a pair of horns on your head.


Message History

The killer bee stings you.
You are more poisoned.
The killer bee poisons you!
You barely miss the killer bee.
You feel sick. The killer bee stings you. x3
* * * LOW HITPOINT WARNING * * *
You miss the killer bee. Your headbutt misses the killer bee.
You feel sick. The killer bee closely misses you.
You block the killer bee's attack.
You miss the killer bee.
You feel sick. The killer bee stings you.
* * * LOW HITPOINT WARNING * * *
The killer bee stings you but does no damage.
The killer bee closely misses you. You furiously retaliate!
You headbutt the killer bee. You closely miss the killer bee.
The killer bee is lightly wounded.
You feel sick. The killer bee stings you!
* * * LOW HITPOINT WARNING * * *
You are more poisoned.
The killer bee poisons you! You block the killer bee's attack.
The killer bee stings you.
You die... ###### #@y..# ####.#

You could see a killer bee.

Vanquished Creatures
  A killer bee (D:4)
  4 gnolls (D:3)
  4 adders
  3 giant geckos
  3 giant cockroaches
  8 goblins
  4 hobgoblins
  6 kobolds
  6 bats
  4 giant newts
  5 rats
48 creatures vanquished.

Notes
Turn   | Place    | Note
--------------------------------------------------------------
     0 | D:1      | Peloso the Minotaur Fighter began the quest for the Orb.
     0 | D:1      | Reached XP level 1. HP: 19/19 MP: 0/0
   263 | D:1      | Reached XP level 2. HP: 27/27 MP: 1/1
   734 | D:1      | Reached skill level 4 in Armour
   955 | D:2      | Reached XP level 3. HP: 17/33 MP: 2/2
  1393 | D:2      | Found a faded altar to an unknown god.
  1778 | D:2      | Found a radiant altar of Vehumet.
  2088 | D:3      | Reached skill level 1 in Dodging
  2088 | D:3      | Reached XP level 4. HP: 40/40 MP: 3/3
  2297 | D:4      | Reached skill level 5 in Armour
  2297 | D:4      | Reached XP level 5. HP: 29/47 MP: 4/4
  2301 | D:4      | HP: 1/47 [killer bee (7)]
  2301 | D:4      | Slain by a killer bee

Skill      XL: |  1  2  3  4 |
---------------+-------------+-----
Fighting       | 4 |  4.5
Armour         | 4 5 |  5.0
Long Blades    | 3 |  3.4
Shields        | 4 |  4.4
Dodging        | 1 |  1.8

Action                   |  1- 3 |  4- 6 || total
-------------------------+-------+-------++-------
Melee: Long sword        |   107 |    38 ||   145
       Headbutt          |    11 |     5 ||    16
  Use: Potion            |       |     1 ||     1
  Eat: Chunk             |     2 |     1 ||     3
       Beef jerky        |     1 |       ||     1
Armor: Scale mail        |    64 |    21 ||    85
Dodge: Dodged            |    43 |    28 ||    71
Block: Shield            |    69 |    33 ||   102
